 Dungeon Crawl Stone Soup version 0.30-a0-591-g3c58d2bc28 (webtiles) character file.

Game seed: 14097754850258588535

1111 bmack86 the Chopper (level 8, -1/70 HPs)
             Began as a Minotaur Fighter on Jan 5, 2023.
             Was a Follower of Okawaru.
             Killed from afar by an electric eel (8 damage)
             ... with a bolt of electricity
             ... on level 6 of the Dungeon.
             The game lasted 00:13:30 (4484 turns).

bmack86 the Chopper (Minotaur Fighter)              Turns: 4484, Time: 00:13:31

Health: -1/70      AC: 18    Str: 23    XL:     8   Next: 11%
Magic:  2/7        EV:  8    Int: 11    God:    Okawaru [*.....]
Gold:   285        SH:  6    Dex: 10    Spells: 7/7 levels left

rFire   . . .      SeeInvis +    a - +0 war axe
rCold   . . .      Faith    .    c - +0 buckler
rNeg    . . .      Spirit   .    w - +0 plate armour
rPois   .          Reflect  .    (helmet restricted)
rElec   .          Harm     .    (no cloak)
rCorr   .          Rampage  .    v - +2 pair of gloves
Will    .....                    (no boots) Stlth
                                 (no amulet)
HPRegen 0.31/turn                p - ring of see invisible
MPRegen 0.10/turn                s - +6 ring of intelligence

@: heroic
A: horns 2, retaliatory headbutt
a: Renounce Religion, Heroism


You were on level 6 of the Dungeon.
You worshipped Okawaru.
Okawaru was aware of your devotion.
You visited 2 branches of the dungeon, and saw 7 of its levels.

You collected 285 gold pieces.

Inventory:

Hand Weapons
 a - a +0 war axe (weapon)
Missiles
 q - a throwing net (quivered)
 r - 3 curare-tipped darts
Armour
 b - a +0 scale mail
 c - a +0 buckler (worn)
 h - a +1 chain mail
 v - a +2 pair of gloves (worn)
 w - a +0 plate armour (worn)
Jewellery
 d - a ring of magical power
 p - a ring of see invisible (left hand)
 s - a +6 ring of intelligence (right hand)
 t - an amulet of faith
 A - a ring of wizardry
Wands
 x - a wand of flame (25)
 y - a wand of polymorph (5)
 B - a wand of iceblast (14)
Scrolls
 f - 2 scrolls of blinking
 g - a scroll of magic mapping
 k - a scroll of amnesia
 n - a scroll of summoning
 o - a scroll of enchant weapon
 u - 2 scrolls of teleportation
 C - a scroll of identify
 D - a scroll of poison {unknown}
 E - a scroll of vulnerability {unknown}
Potions
 e - 2 potions of curing
 i - 2 potions of lignification
 l - 2 potions of attraction
 m - 4 potions of flight
 z - a potion of mutation
 F - a potion of heal wounds


   Skills:
 + Level 6.0(11.0) Fighting
 * Level 7.2(12.2) Axes
 + Level 3.3(8.3) Throwing
 + Level 5.8(10.8) Armour
 + Level 5.9(10.9) Shields


You had 7 spell levels left.
You didn't know any spells.
Your spell library contained the following spells:

 Spells                   Type           Power      Damage    Failure   Level
 Ensorcelled Hibernation  Hex/Ice        0%         N/A       100%        2
 Spider Form              Tmut/Pois      0%         N/A       100%        3
 Anguish                  Hex/Necr       0%         N/A       100%        4


Dungeon Overview and Level Annotations

Branches:
Dungeon (6/15)             Temple (1/1) D:6

Altars:
Ashenzari
Dithmenos
Elyvilon
Fedhas
Gozag
Hepliaklqana
Kikubaaqudgha
Makhleb
Nemelex Xobeh
Okawaru
Qazlal
Sif Muna
Trog
Wu Jian
Xom
Yredelemnul
Zin

Shops:
D:4 [


Innate Abilities, Weirdness & Mutations

You have a pair of horns on your head.
You reflexively headbutt those who attack you in melee.


Message History

The bolt of electricity hits you!
You throw a silver javelin.
The silver javelin closely misses the electric eel.
You hear a splash.
An electric eel comes into view.
You throw a silver javelin.
The silver javelin barely misses the electric eel.
The silver javelin closely misses the electric eel.
You hear a splash.
The electric eel shoots out a bolt of lightning at you!
The bolt of electricity hits you!
The electric eel shoots out a bolt of lightning at you!
The bolt of electricity hits the electric eel.
The electric eel completely resists.
The bolt of electricity hits you.
The electric eel shoots out a bolt of lightning at you!
The bolt of electricity hits you.
The electric eel shoots out a bolt of lightning at you!
The bolt of electricity hits the electric eel.
The electric eel completely resists.
The bolt of electricity hits you but does no damage.
The electric eel shoots out a bolt of lightning at you!
The bolt of electricity hits you but does no damage.
The electric eel shoots out a bolt of lightning at you!
The bolt of electricity hits you.
* * * LOW HITPOINT WARNING * * *
The electric eel shoots out a bolt of lightning at you!
The bolt of electricity hits the electric eel.
The electric eel completely resists.
The bolt of electricity misses you.
The electric eel shoots out a bolt of lightning at you!
The bolt of electricity hits you!
* * * LOW HITPOINT WARNING * * *
The electric eel shoots out a bolt of lightning at you!
The bolt of electricity misses you.
The electric eel shoots out a bolt of lightning at you!
The bolt of electricity hits you!
* * * LOW HITPOINT WARNING * * *
The electric eel shoots out a bolt of lightning at you!
The bolt of electricity hits the electric eel.
The electric eel completely resists.
The bolt of electricity hits you!
You die...

[.....♣...~~~≈8≈8≈≈~~...#
..........~~≈≈~⌠~≈~~~...#
......♣...~~≈≈8≈8≈≈~~...#
.###......~~~≈≈≈~~~~~...#
..##..♣...~~~~≈≈≈~S~~...#
..##......~~~~~~~~~~~...#
.###..♣...8~~~~~~S~~8...####
.>..(......................#
................@........[.#
...#.......#..............##
..................##......#
~~...#...........###.##.###
~~...#......#......######
~~....#.....#......##
~~...##.............###
⌠.....................#
.)).................###


You could see 2 electric eels.

Vanquished Creatures
  A steam dragon (D:6)
  A water moccasin (D:6)
  2 sky beasts
  An ogre (D:5)
  A phantom (D:4)
  2 necrophages (D:6)
  A howler monkey (D:5)
  A hound (D:4)
  A jelly (D:4)
  Terence (D:2)
  3 iguanas
  2 orc wizards (D:6)
  Robin (D:2)
  8 adders
  3 white imps
  An ufetubus (D:4)
  A worm (D:5)
  2 dart slugs
  9 orcs (D:6)
  5 ball pythons
  6 endoplasms
  4 giant cockroaches
  16 goblins
  5 hobgoblins
  4 jackals (D:5)
  4 kobolds
  5 quokkas
  4 bats
  4 frilled lizards
  8 rats
107 creatures vanquished.

Notes
Turn   | Place    | Note
-------+----------+-------------------------------------------
     0 | D:1      | bmack86 the Minotaur Fighter began the quest for the Orb.
     0 | D:1      | Reached XP level 1. HP: 19/19 MP: 0/0
   278 | D:1      | Reached XP level 2. HP: 27/27 MP: 1/1
   512 | D:1      | Reached skill level 3 in Axes
  1142 | D:2      | Reached XP level 3. HP: 33/33 MP: 2/2
  1168 | D:2      | Found a faded altar of an unknown god.
  1188 | D:2      | Noticed Terence
  1193 | D:2      | Killed Terence
  1332 | D:2      | Noticed Robin
  1341 | D:2      | Reached XP level 4. HP: 28/40 MP: 3/3
  1348 | D:2      | Killed Robin
  1709 | D:3      | Reached skill level 4 in Axes
  1758 | D:3      | Reached skill level 1 in Throwing
  1929 | D:3      | Found a burning altar of Makhleb.
  2106 | D:3      | Reached XP level 5. HP: 47/47 MP: 4/4
  2370 | D:4      | Found Puveinn's Antique Armour Shoppe.
  2802 | D:4      | Noticed a phantom
  2815 | D:4      | Killed a phantom
  2816 | D:4      | Reached skill level 5 in Axes
  2816 | D:4      | Reached XP level 6. HP: 53/55 MP: 5/5
  2911 | D:5      | Entered Level 5 of the Dungeon
  2931 | D:6      | Found a staircase to the Ecumenical Temple.
  2940 | Temple   | Entered the Ecumenical Temple
  3097 | Temple   | Became a worshipper of Warmaster Okawaru
  3216 | D:5      | Reached skill level 5 in Fighting
  3429 | D:5      | Reached skill level 5 in Shields
  3642 | D:5      | Found a broken altar of Ashenzari.
  3649 | D:5      | Reached skill level 5 in Armour
  3649 | D:5      | Reached XP level 7. HP: 49/61 MP: 6/6
  3897 | D:6      | Reached skill level 6 in Axes
  3976 | D:6      | Reached * piety under Okawaru
  4026 | D:6      | Noticed a steam dragon
  4134 | D:6      | Killed a steam dragon
  4134 | D:6      | Reached ** piety under Okawaru
  4135 | D:6      | Reached skill level 7 in Axes
  4135 | D:6      | Reached XP level 8. HP: 52/70 MP: 7/7
  4295 | D:6      | Found an ornate altar of the Wu Jian Council.
  4484 | D:6      | Killed from afar by an electric eel

Illustrated notes

Levels and vault maps discovered:
D:1:      dpeg_arrival_ratfight, layout_basic
D:2:      layout_basic, shapermc_ecumenical_altar_pompeii,
          hangedman_abyss_or_decor_stabs, uniq_robin, uniq_terence
D:3:      layout_rooms, mainiacjoe_overflow_surrounded_room, grunt_ministairs_3,
          roderic_lattice_a
D:4:      layout_basic, serial_shops, nicolae_shop_trees, minivault_25,
          kennysheep_generic_room_6
D:5:      layout_rooms, mainiacjoe_overflow_24_doors
D:6:      layout_cave_pools, mainiacjoe_overflow_brackets,
          minmay_temple_entry_stoned_glass, serial_park, serial_park_tiny_2,
          serial_park_fountain, serial_park_tiny_pond
Temple:   minmay_temple_curvy_branch

Skill      XL: |  1  2  3  4  5  6  7 |
---------------+----------------------+-----
Axes           | 3 4 5 7 |  7.2
Fighting       | 4 5 6 |  6.0
Armour         | 4 5 |  5.8
Shields        | 4 5 |  5.9
Throwing       | 1 2 3 |  3.3

Action                   |  1- 3 |  4- 6 |  7- 9 || total
-------------------------+-------+-------+-------++-------
Melee: War axe           |    74 |   145 |    45 ||   264
       Headbutt          |     9 |    26 |     7 ||    42
Throw: Javelin           |       |       |     4 ||     4
Invok: Heroism           |       |       |     3 ||     3
  Use: Scroll            |     2 |    11 |     5 ||    18
       Potion            |       |       |     1 ||     1
Armor: Scale mail        |     6 |       |       ||     6
       Chain mail        |    33 |    61 |       ||    94
       Plate armour      |       |    54 |    56 ||   110
Dodge: Dodged            |    35 |    54 |    26 ||   115
Block: Buckler           |    21 |    37 |    16 ||    74

Table legend: (Time is in decaauts)
 A = Elapsed time spent in this place.
 B = Non-inter-level travel time spent in this place.
 C = Inter-level travel time spent in this place.
 D = Time resting spent in this place.
 E = Time spent auto-exploring this place.
 F = Levels seen in this place.
 G = Mean time per level.
                   A        B        C        D        E       F      G
               +--------+--------+--------+--------+--------+-----+--------+
         Total |   4567 |   4431 |    136 |     76 |   2761 |   7 |  652.4 |
       Dungeon |   4311 |   4195 |    116 |     76 |   2543 |   6 |  718.5 |
        Temple |    256 |    236 |     20 |      0 |    218 |   1 |  256.0 |
               +--------+--------+--------+--------+--------+-----+--------+

Top non-repeatable levels by time:
     D:1: 957 daAuts
     D:5: 793 daAuts
     D:2: 688 daAuts
     D:3: 665 daAuts
     D:4: 654 daAuts
     D:6: 552 daAuts
  Temple: 256 daAuts
